 Dungeon Crawl Stone Soup version 0.29.1-2-gbd0b4ee654 (webtiles) character file.

Game seed: 393101135112486821

499 BreadTh the Destroyer (level 6, -4/32 HPs)
             Began as a Deep Elf Conjurer on Nov 2, 2022.
             Killed from afar by Blork the orc (11 damage)
             ... with a bolt of dispelling energy
             ... on level 4 of the Dungeon.
             The game lasted 00:16:27 (3877 turns).

BreadTh the Destroyer (Deep Elf Conjurer)           Turns: 3877, Time: 00:16:28

Health: -4/32      AC:  4    Str:  4    XL:     6   Next: 94%
Magic:  7/16       EV: 13    Int: 25    God:
Gold:   104        SH:  0    Dex: 19    Spells: 6/16 levels left

rFire   . . .      SeeInvis .   o - +3 quarterstaff (chaos)
rCold   . . .      Faith    .   (shield currently unavailable)
rNeg    . . .      Spirit   .   a - +0 robe
rPois   .          Reflect  .   (no helmet)
rElec   .          Harm     .   p - +0 cloak
rCorr   +          Rampage  .   i - +0 pair of gloves
Will    .....                   (no boots)
Stlth   ++........              v - amulet of regeneration
HPRegen 0.90/turn               q - +6 ring of dexterity
MPRegen 0.15/turn               r - ring of resist corrosion

@: no status effects
A: no striking features
a: no special abilities


You were on level 4 of the Dungeon.
You visited 1 branch of the dungeon, and saw 4 of its levels.

You collected 128 gold pieces.
You spent 24 gold pieces at shops.

Inventory:

Hand Weapons
 g - a +0 spear
 o - a +3 quarterstaff of chaos (weapon)
Armour
 a - a +0 robe (worn)
 i - a +0 pair of gloves (worn)
 p - a +0 cloak (worn)
Jewellery
 q - a +6 ring of dexterity (left hand)
 r - a ring of resist corrosion (right hand)
 v - an amulet of regeneration (around neck)
Wands
 t - a wand of paralysis (6)
Scrolls
 d - a scroll of enchant weapon
 h - a scroll of silence {unknown}
 k - 2 scrolls of fog {unknown}
 m - a scroll of immolation {unknown}
 n - a scroll of enchant armour {unknown}
 s - a scroll of amnesia {unknown}
 u - a scroll of poison {unknown}
 w - a scroll of blinking {unknown}
Potions
 b - 2 potions of magic
 c - a potion of attraction
 e - 2 potions of might
 f - 2 potions of heal wounds
 j - a potion of flight
 l - a potion of ambrosia {unknown}


   Skills:
 - Level 2.4 Dodging
 - Level 2.4 Stealth
 + Level 5.8 Spellcasting
 * Level 8.1 Conjurations
 - Level 0.1 Hexes


You had 6 spell levels left.
You knew the following spells:

 Your Spells              Type           Power      Damage    Failure   Level
a - Magic Dart            Conj           100%       1d8       1%          1
b - Searing Ray           Conj           96%        2d7       1%          2
c - Dazzling Flash        Conj/Hex       56%        N/A       4%          3
d - Iskenderun's Mystic   Conj/Tloc      27%        2d7       14%         4

Your spell library contained the following spells:

 Spells                   Type           Power      Damage    Failure   Level
 Scorch                   Fire           14%        2d5       12%         2
 Flame Wave               Conj/Fire      27%        2d9       14%         4
 Fulminant Prism          Conj/Hex       14%        3d9       14%         4
 Summon Cactus Giant      Summ           3%         N/A       100%        6


Dungeon Overview and Level Annotations

Branches:
Dungeon (4/15)
 Temple: D:4-7

Altars:

Shops:
D:2 ?

Annotations:
D:4 Blork the orc


Message History

You kill the orc priest! (Press . to maintain the ray.) Blork the orc is nearby!
Blork the orc is nearby!
Blork the orc casts a spell.
Blork the orc seems to speed up.
Blork the orc zaps a wand.
The bolt of dispelling energy hits you.
Blork the orc miscasts a cantrip.
Casting: Searing Ray (safe; 1% risk of failure)
Confirm with . or Enter, or press ? or * to list all spells.
Aiming: Searing Ray (safe; 1% risk of failure)
Press: ? - help, Shift-Dir - straight line, f - Blork the orc
Aim: Blork the orc, wielding a +0 war axe, wearing a +0 robe and carrying a wand of quicksilver (12) (fast, 85% to hit)
Okay, then.
Casting: Searing Ray (safe; 1% risk of failure)
Confirm with . or Enter, or press ? or * to list all spells.
Okay, then.
Casting: Searing Ray (safe; 1% risk of failure)
Confirm with . or Enter, or press ? or * to list all spells.
Aiming: Searing Ray (safe; 1% risk of failure)
Press: ? - help, Shift-Dir - straight line, f - Blork the orc
Aim: Blork the orc, wielding a +0 war axe, wearing a +0 robe and carrying a wand of quicksilver (12) (fast, 85% to hit)
The searing ray hits Blork the orc.
Blork the orc is lightly wounded. (Press . to maintain the ray.)
The searing ray misses Blork the orc.
Blork the orc gestures at you while chanting.
The puff of frost hits you!
The searing ray hits Blork the orc!
Blork the orc is heavily wounded.
Blork the orc gestures at you while chanting.
The puff of frost hits you.
The searing ray misses Blork the orc.
You finish channelling your searing ray.
Blork the orc hits you with a +0 war axe!
* * * LOW HITPOINT WARNING * * *
Blork the orc zaps a wand.
The bolt of dispelling energy misses you.
Blork the orc zaps a wand.
The bolt of dispelling energy hits you!
You die...

......o.. ..#.....#
#.....# #.#.....#
#..#.....######.#.....###
.........o..o............
#....###...###.#.....#
#..#.#####...#.......#
#.......####..#o######
#.......# ##.#.#
####.......#####@#.##
#.........†..o...#.o###
.##..<....########...#
#............o.#...#
#.......######.).)##
#.......# ###..#
######### #.## #.# #.#


You could see Blork the orc (fast).

Vanquished Creatures
  Grinder (D:3)
  A black bear (D:3)
  A hound (D:4)
  An orc priest (D:4)
  Crazy Yiuf (D:2)
  Ijyb (D:3)
  4 adders
  A white imp (D:3)
  A worm (D:2)
  A dart slug (D:2)
  5 orcs
  2 bats
  4 endoplasms
  2 giant cockroaches (D:1)
  11 goblins
  3 hobgoblins
  10 jackals
  4 kobolds
  4 quokkas (D:1)
  2 ball pythons (D:2)
  2 frilled lizards
  5 rats
67 creatures vanquished.

Notes
Turn   | Place    | Note
-------+----------+-------------------------------------------
     0 | D:1      | BreadTh the Deep Elf Conjurer began the quest for the Orb.
     0 | D:1      | Reached XP level 1. HP: 10/10 MP: 6/6
   288 | D:1      | Reached XP level 2. HP: 15/15 MP: 6/8
   356 | D:1      | Reached skill level 5 in Conjurations
   367 | D:1      | Learned a level 2 spell: Searing Ray
   772 | D:1      | Reached XP level 3. HP: 19/19 MP: 7/9
  1328 | D:2      | Found a runed translucent door.
  1329 | D:2      | Noticed Crazy Yiuf
  1409 | D:2      | Found Bigek's Magic Scroll Boutique.
  1458 | D:2      | Bought a scroll of identify for 24 gold pieces
  2253 | D:2      | Killed Crazy Yiuf
  2254 | D:2      | Reached skill level 6 in Conjurations
  2254 | D:2      | Reached XP level 4. HP: 18/24 MP: 2/11
  2647 | D:3      | Noticed a black bear
  2653 | D:3      | Learned a level 3 spell: Dazzling Flash
  2658 | D:3      | Learned a level 4 spell: Iskenderun's Mystic Blast
  2666 | D:3      | Killed a black bear
  2667 | D:3      | Reached XP level 5. HP: 11/28 MP: 0/13
  2885 | D:3      | Noticed Grinder
  2903 | D:3      | Killed Grinder
  2904 | D:3      | Reached skill level 5 in Spellcasting
  2904 | D:3      | Reached skill level 7 in Conjurations
  2904 | D:3      | Reached XP level 6. HP: 32/32 MP: 5/15
  3278 | D:3      | Noticed Ijyb
  3289 | D:3      | Killed Ijyb
  3599 | D:3      | Found a faded altar of an unknown god.
  3774 | D:4      | Reached skill level 8 in Conjurations
  3839 | D:4      | Noticed Blork the orc
  3877 | D:4      | Killed from afar by Blork the orc

Illustrated notes

Levels and vault maps discovered:
D:1:      amcnicky_arrival_gap_in_the_tavern_cellar, layout_basic
D:2:      layout_loops_corners, serial_shops, shop, uniq_crazy_yiuf_cottage
D:3:      kennysheep_goblin_castle, layout_rooms,
          shapermc_ecumenical_altar_notcrosses, kennysheep_doodads,
          hangedman_glass_garden, minivault_4, uniq_grinder
D:4:      layout_rooms, minmay_overflow_temple_hex, corexii_corridor_pit,
          hangedman_decor_riveting, nicolae_shop_vocational, uniq_blork_the_orc,
          uniq_robin

Skill      XL: |  1  2  3  4  5  6 |
---------------+-------------------+-----
Conjurations   | 5 6 7 8 |  8.1
Spellcasting   | 4 5 |  5.8
Dodging        | |  2.4
Stealth        | |  2.4
Hexes          | |  0.1

Action                   |  1- 3 |  4- 6 || total
-------------------------+-------+-------++-------
Melee: Quarterstaff      |       |     1 ||     1
 Cast: Magic Dart        |    70 |    50 ||   120
       Searing Ray       |     2 |    11 ||    13
       Dazzling Flash    |       |     2 ||     2
  Use: Scroll            |     4 |     2 ||     6
Armor: Robe              |     1 |     7 ||     8
Dodge: Dodged            |    12 |    27 ||    39
